 Dungeon Crawl Stone Soup version 0.28.0-53-g5a82cb258f (webtiles) character file.

Game seed: 2513312929679467062

60 Descartes the Ducker (level 3, 0/15 HPs)
             Began as a Felid Transmuter on June 24, 2022.
             Slain by an adder (1 damage)
             ... on level 2 of the Dungeon.
             The game lasted 00:03:17 (2294 turns).

Descartes the Ducker (Felid Transmuter)             Turns: 2294, Time: 00:03:17

Health: 0/15       AC:  1    Str:  7 (8)  XL:     3   Next: 80%
Magic:  6/7        EV: 17    Int: 13 (14) God:
Gold:   58         SH:  0    Dex: 13 (16) Spells: 5/6 levels left
                                        Lives:  0   Deaths: 0

rFire   . . .      SeeInvis +     - Unarmed
rCold   . . .      Faith    .   (shield unavailable)
rNeg    . . .      Spirit   .   (armour unavailable)
rPois   .          Reflect  .   (helmet unavailable)
rElec   .          Harm     .   (cloak unavailable)
rCorr   .          Rampage  .   (gloves unavailable)
Will    .....                   (boots unavailable)
Stlth   ++........              (no amulet)
HPRegen 0.05/turn               (no ring)
MPRegen 0.10/turn               (no ring)

@: appendages, attractive, quick
A: horns 2, very small, claws 1, fangs 3, see invisible, speed 1, shaggy fur 1,
stealthy paws, no weapons or thrown items, no armour, multi-lived
a: End Transformation


You were on level 2 of the Dungeon.
You had temporarily grown beastly horns.
You visited 1 branch of the dungeon, and saw 2 of its levels.

You collected 58 gold pieces.

Inventory:

Missiles
 f - 23 stones
Scrolls
 c - a scroll of identify {unknown}
 e - a scroll of teleportation {unknown}
Potions
 d - a potion of magic {unknown}
 g - a potion of lignification {unknown}


   Skills:
 - Level 1.0 Fighting
 + Level 3.2 Dodging
 + Level 1.5 Stealth
 + Level 3.2 Unarmed Combat
 + Level 2.4 Spellcasting
 + Level 1.1 Hexes
 + Level 0.1 Summonings
 + Level 1.7 Translocations
 + Level 2.6 Transmutations


You had 5 spell levels left.
You knew the following spells:

 Your Spells              Type           Power      Damage    Failure   Level
a - Beastly Appendage     Tmut           16%        N/A       9%          1

Your spell library contained the following spells:

 Spells                   Type           Power      Damage    Failure   Level
 Wereblood                Tmut           8%         N/A       12%         2
 Spider Form              Tmut/Pois      5%         N/A       38%         3
 Ice Form                 Ice/Tmut       5%         N/A       80%         4
 Summon Ice Beast         Ice/Summ       1%         N/A       93%         4
 Summon Mana Viper        Hex/Summ       3%         N/A       99%         5
 Monstrous Menagerie      Summ           0%         N/A       100%        7


Dungeon Overview and Level Annotations

Branches:
Dungeon (2/15)

Altars:


Innate Abilities, Weirdness & Mutations

You have temporarily grown beastly horns.
You have sharp claws.
You have razor-sharp teeth.
You have supernaturally acute eyesight. (SInv)
You cover ground quickly. (Speed+)
You are covered in fur. (AC +1)
Your paws help you pounce on unaware monsters.
You are incapable of wielding weapons or throwing items.
You cannot wear armour.
You gain extra lives every three experience levels.


Message History

You kill the hobgoblin!
An adder and a frilled lizard come into view.
The adder moves out of view.
Items here: $ = ? [.
A frilled lizard is nearby!
A worm comes into view.
Found an escape hatch in the floor.
The adder misses you.
You barely miss the adder. The adder misses you.
The frilled lizard completely misses you.
You barely miss the adder. Your headbutt misses the adder.
Your claw misses the adder. The adder completely misses you.
The frilled lizard closely misses you. The worm barely misses you.
Your horns disappear.
Items here: $ = ? [.
The adder bites you.
You see here 26 arrows.
The adder bites you.
You are poisoned.
The adder poisons you!
* * * LOW HITPOINT WARNING * * *
You feel sick.
* * * LOW HITPOINT WARNING * * *
You feel sick.
* * * LOW HITPOINT WARNING * * *
You feel sick.
Casting: Beastly Appendage (safe; 8% risk of failure)
Confirm with . or Enter, or press ? or * to list all spells.
You grow a pair of large bovine horns.
* * * LOW HITPOINT WARNING * * *
You feel sick.
You are no longer poisoned.
The adder misses you.
It was a potion of degeneration.
There was something very wrong with that liquid.
You feel weakened.
You feel dopey.
You feel clumsy. The adder barely misses you.
It was a potion of attraction.
You feel attractive to monsters. The adder bites you.
You die...

#...# ##.##.##.# #......
#...# #.##....# #.....#
#...######## #..####.#
#.....#
###..w...w...####.####.#
#.....# .....######...#
#......# ####.## ....[#
#..(# ##..##.# #.#
.....######...####..##.#
#..
##...w....##..lS.#..##.#
##
#........######@#..##.#
# #........# #.##.##.# #
#........# #....##.# #
#........# ####..#(# #
#.......... ##)#.# #
###...##.... #...# #
###.# ..... ##..#######
# #.# ....> #.>......#
########.##


You could see a worm, an adder and a frilled lizard.

Vanquished Creatures
  Jessica (D:2)
  3 dart slugs (D:1)
  2 endoplasms (D:2)
  2 giant cockroaches
  5 hobgoblins
  A quokka (D:2)
  5 ball pythons
  2 bats (D:1)
  5 kobolds
  2 rats (D:2)
28 creatures vanquished.

Vanquished Creatures (others)
  A fungus (D:1)
1 creature vanquished.

Grand Total: 29 creatures vanquished

Notes
Turn   | Place    | Note
-------+----------+-------------------------------------------
     0 | D:1      | Descartes the Felid Transmuter began the quest for the Orb.
     0 | D:1      | Reached XP level 1. HP: 9/9 MP: 4/4
   650 | D:1      | Reached XP level 2. HP: 10/12 MP: 4/6
   829 | D:1      | Found a faded altar of an unknown god.
  1097 | D:1      | Reached skill level 1 in Translocations
  1429 | D:2      | Reached skill level 1 in Stealth
  1458 | D:2      | Noticed Jessica
  1463 | D:2      | Killed Jessica
  1464 | D:2      | Reached XP level 3. HP: 15/15 MP: 5/7
  1623 | D:2      | Reached skill level 1 in Hexes
  2294 | D:2      | Slain by an adder

Illustrated notes

Levels and vault maps discovered:
D:1:      sevenhm_arrival_forest_fort_small_4, layout_loops_ring,
          shapermc_ecumenical_altar_mp_ritualfount, st_stairs_7, grunt_decor_cap
D:2:      layout_basic, dk_noncrumbling_4, minmay_divided_ellipse, uniq_jessica

Skill      XL: |  1  2  3 |
---------------+----------+-----
Dodging        | 3 |  3.2
Translocations | 1 |  1.7
Stealth        | 1 |  1.5
Hexes          | 1 |  1.1
Fighting       | |  1.0
Unarmed Combat | |  3.2
Spellcasting   | |  2.4
Summonings     | |  0.1
Transmutations | |  2.6

Action                   || total
-------------------------++-------
Melee: Unarmed           ||    78
       Headbutt          ||    12
       Bite              ||     6
       Punch             ||     2
 Cast: Beastly Appendage ||    21
  Use: Potion            ||     2
 Stab: Sleeping          ||     3
Armor: Skin              ||     2
Dodge: Dodged            ||    76
